 Dungeon Crawl Stone Soup version 0.23.2-1-ga50397a (webtiles) character file.

Game seed: 9222898932737851309

58 Borgoz the Skirmisher (level 4, 0/43 HPs)
             Began as a Gargoyle Berserker on May 26, 2019.
             Was a Follower of Trog.
             Slain by a gnoll
             ... wielding a +0 spear
              (1 damage)
             ... on level 2 of the Dungeon.
             The game lasted 00:01:29 (1939 turns).

Borgoz the Skirmisher (Gargoyle Berserker)          Turns: 1939, Time: 00:01:30

Health: 0/43       AC:  5    Str: 25    XL:     4   Next: 2%
Magic:  4/4        EV: 12    Int:  8    God:    Trog [*.....]
Gold:   56         SH:  0    Dex: 10    Spells: 3/3 levels left

rFire    . . .     SeeInvis .   a - +0 mace
rCold    . . .     Gourm    .   (no shield)
rNeg     + . .     Faith    .   b - +0 animal skin
rPois    ∞         Spirit   .   (no helmet)
rElec    +         Reflect  .   (no cloak)
rCorr    .         Harm     .   (no gloves)
MR       .....                  (no boots)
Stlth    ..........             (no amulet)
HPRegen  0.14/turn              (no ring)
MPRegen  0.09/turn              (no ring)

@: berserking, very quick
A: negative energy resistance 1, electricity resistance, unbreathing,
petrification resistance, rot immunity, AC +3
a: Berserk, Renounce Religion


You were on level 2 of the Dungeon.
You worshipped Trog.
Trog was aware of your devotion.
You were hungry.

You visited 1 branch of the dungeon, and saw 2 of its levels.

You collected 56 gold pieces.

Inventory:

Hand Weapons
 a - a +0 mace (weapon)
Armour
 b - a +0 animal skin (worn)
Jewellery
 e - an uncursed ring of resist corrosion {unknown}
 j - a cursed ring of attention {unknown}
Scrolls
 f - a scroll of identify {unknown}
 g - a scroll of teleportation {unknown}
 h - 2 scrolls of remove curse {unknown}
 l - a scroll of enchant armour {unknown}
Potions
 d - 2 potions of curing {unknown}
 i - a potion of heal wounds {unknown}
Comestibles
 c - 4 rations
 k - a chunk of flesh


   Skills:
 + Level 3.7 Fighting
 * Level 3.6 Maces & Flails
 + Level 2.6 Armour
 * Level 2.3 Dodging


You had 3 spell levels left.
You didn't know any spells.
Your spell library was empty.

Dungeon Overview and Level Annotations

Branches:
Dungeon (2/15)

Altars:


Innate Abilities, Weirdness & Mutations

You are resistant to torment.
Your stone body is resilient. (AC +3)
You are immune to poison.
You resist negative energy. (rN+)
You are resistant to electric shocks. (rElec)
You can survive without breathing.
You are immune to petrification.
You are immune to rotting.


Message History

The gnoll barely misses you.
You are too injured to fight recklessly!
A red film seems to cover your vision as you go berserk!
You feel yourself moving faster!
You feel mighty!
You are feeling hungry.
The gnoll hits you from afar with a +0 spear.
The gnoll hits you but does no damage.
You closely miss the gnoll.
The gnoll is almost dead.
The gnoll hits you from afar with a +0 spear.
* * * LOW HITPOINT WARNING * * *
The gnoll hits you with a +0 whip.
* * * LOW HITPOINT WARNING * * *
You sock the gnoll!
You kill the gnoll!
Trog accepts your kill.
You have reached level 4!
You feel clever.
The gnoll hits you from afar with a +0 spear.
You die...

########### #
###.........##### #.
................
#.####.#####.#......
####>.......# #.......#
........#.#.###.###..).
########.#.#..##.#<..#..
+...gg)@.#.##....#######
##########.##...........
..##...######## ####...#
#...# ###.# #.. ...


You could see 2 gnolls.

Vanquished Creatures
  2 gnolls (D:2)
  An adder (D:2)
  An ooze (D:2)
  2 worms (D:2)
  3 leopard geckos
  A bat (D:1)
  A giant cockroach (D:1)
  2 goblins (D:1)
  2 hobgoblins (D:2)
  A frilled lizard (D:2)
  2 kobolds
18 creatures vanquished.

Notes
Turn   | Place    | Note
-------+----------+-------------------------------------------
     0 | D:1      | Borgoz the Gargoyle Berserker began the quest for the Orb.
     0 | D:1      | Reached XP level 1. HP: 14/14 MP: 1/1
   634 | D:1      | Reached XP level 2. HP: 14/19 MP: 2/2
  1737 | D:2      | Reached XP level 3. HP: 19/23 MP: 3/3
  1938 | D:2      | HP: 1/34 [gnoll/+0 whip (5)]
  1939 | D:2      | Reached XP level 4. HP: 1/29 MP: 4/4
  1939 | D:2      | Slain by a gnoll

Skill      XL: |  1  2 |
---------------+-------+-----
Dodging        | 2 |  2.3
Fighting       | |  3.7
Maces & Flails | |  3.6
Armour         | |  2.6

Action                   |  1- 3 |  4- 6 || total
-------------------------+-------+-------++-------
Melee: Mace              |    88 |       ||    88
Invok: Berserk           |     1 |       ||     1
  Eat: Chunk             |     3 |       ||     3
Armor: Animal skin       |    29 |       ||    29
Dodge: Dodged            |    70 |       ||    70
